 Dungeon Crawl Stone Soup version 0.31-a0-455-g1a7b003ef0 (webtiles) character file.

Game seed: 4458084065899008972

1776382 KimchiStew the Skinwalker (level 27, 228/228 HPs)
             Began as a Merfolk Brigand on Aug 3, 2023.
             Was a Follower of Yredelemnul.
             Escaped with the Orb
             ... and 3 runes!
             The game lasted 02:32:45 (60747 turns).

KimchiStew the Skinwalker (Merfolk Brigand)        Turns: 60747, Time: 02:32:45

Health: 228/228    AC: 33    Str: 19 (21) XL:     27
Magic:  42/42      EV: 30    Int: 15      God:    Yredelemnul [*.....]
Gold:   6209       SH: 20    Dex: 27      Spells: 37/50 levels left

rFire   + + .        f - +8 demon blade "Leech" {evervamp, Harm Drain rN+}
rCold   + . .        M - +4 kite shield {reflect}
rNeg    + + +        g - +9 ring mail of Jilole {rElec Int+3}
rPois   ∞            (helmet restricted)
rElec   +            I - +2 cloak {Will+}
rCorr   +            d - +3 pair of gauntlets of War {Slay+5}
SInv    .            l - +2 pair of boots
Will    ++++.        V - amulet "Sietyhamme" {Regen+ Int+4}
Stlth   +            x - ring "Secix" {rF++ rN++ AC+4 Int-3}
HPRegen 1.38/turn    c - ring "Ococaef" {+Blink rCorr Str+8}
MPRegen 0.28/turn

%: harm (+30% outgoing, +20% incoming), reflection
@: death-form, studying 2 skills
A: vile attack, torment immunity, no potions, (nimble swimmer 2), mertail, horns
1, iridescent scales 1, high MP 1
0: Orb of Zot
}: 3/15 runes: decaying, silver, gossamer
a: Siphon Essence, Begin Untransformation, Renounce Religion, Evoke Blink,
Recall Undead Harvest


You escaped.
You worshipped Yredelemnul.
Yredelemnul was greatly pleased with you.
You were an undying horror.
You visited 9 branches of the dungeon, and saw 47 of its levels.
You visited the Abyss 1 time.
You also visited: Trove, Sewer, Bailey, Gauntlet, Ice Cave and Wizlab.

You collected 10668 gold pieces.
You spent 4459 gold pieces at shops.

Inventory:

Hand Weapons
 f - the +8 demon blade "Leech" (weapon) {evervamp, Harm Drain rN+}
   (You took it off an orc knight on level 2 of the Orcish Mines)

   rN:        It protects you from negative energy.
   Drain:     It drains your maximum health when unequipped.
   Harm:      It increases damage dealt and taken.
Missiles
 e - 9 curare-tipped darts (quivered)
 R - 3 throwing nets
 U - 9 silver javelins
Armour
 d - the +3 pair of gauntlets of War (worn) {Slay+5}
   (You found it in a treasure trove)

   Slay:      It affects your accuracy & damage with ranged weapons and melee
   (+5).
 g - the +9 ring mail of Jilole (worn) {rElec Int+3}
   (You found it on level 3 of the Elven Halls)

   Int:       It affects your intelligence (+3).
   rElec:     It insulates you from electricity.
 l - a +2 pair of boots (worn)
 G - a +1 cloak of poison resistance
 I - a +2 cloak of willpower (worn)
 M - a +4 kite shield of reflection (worn)
 Q - a +1 cloak of preservation
Jewellery
 c - the ring "Ococaef" (right hand) {+Blink rCorr Str+8}
   (You found it in a treasure trove)

   [ring of resist corrosion]

   Str:       It affects your strength (+8).
   +Blink:    It lets you blink.
   rCorr:     It protects you from acid and corrosion.
 w - a ring of protection from cold
 x - the ring "Secix" (left hand) {rF++ rN++ AC+4 Int-3}
   (You found it on level 4 of the Vaults)

   [ring of protection]

   AC:        It affects your AC (+4).
   Int:       It affects your intelligence (-3).
   rF:        It greatly protects you from fire.
   rN:        It greatly protects you from negative energy.
 B - the ring of Truth {rPois EV+5 Slay+3 SInv}
   (You found it on level 3 of the Elven Halls)

   [ring of evasion]

   EV:        It affects your evasion (+5).
   Slay:      It affects your accuracy & damage with ranged weapons and melee
   (+3).
   rPois:     It protects you from poison.
   SInv:      It lets you see invisible.
 V - the amulet "Sietyhamme" (around neck) {Regen+ Int+4}
   (You found it on level 3 of the Swamp)

   [amulet of regeneration]

   Int:       It affects your intelligence (+4).
   Regen:     It increases your rate of health regeneration.
Talismans
 s - a talisman of death (active)
Wands
 n - a wand of mindburst (7)
 q - a wand of light (16)
 u - a wand of digging (3)
 P - a wand of roots (47)
 S - a wand of paralysis (51)
Scrolls
 a - 17 scrolls of teleportation
 h - 15 scrolls of fog
 o - 7 scrolls of silence
 p - 5 scrolls of revelation
 t - 4 scrolls of blinking
 y - 8 scrolls of fear
 A - 2 scrolls of torment
 H - 2 scrolls of butterflies
 N - 5 scrolls of poison
 O - a scroll of brand weapon
 Z - 9 scrolls of immolation
Potions
 b - 4 potions of lignification
 i - 3 potions of magic
 j - 12 potions of attraction
 k - 10 potions of might
 m - 10 potions of curing
 r - 9 potions of mutation
 C - 5 potions of resistance
 D - 3 potions of invisibility
 E - 3 potions of cancellation
 F - 6 potions of brilliance
 K - 5 potions of heal wounds
 L - 7 potions of berserk rage
 T - 9 potions of enlightenment
 Y - 4 potions of haste
Miscellaneous
 v - a condenser vane (inert)
 z - a phial of floods
 J - a sack of spiders (inert)
 W - a phantom mirror (inert)


   Skills:
 - Level 21.0 Fighting
 - Level 2.4(14.6) Short Blades
 - Level 21.9(22.0) Long Blades
 - Level 4.0 Throwing
 - Level 9.0 Armour
 - Level 21.0 Dodging
 - Level 4.3 Stealth
 - Level 15.0 Shields
 - Level 12.0 Spellcasting
 * Level 10.9 Translocations
 + Level 20.2 Invocations
 - Level 12.0 Evocations
 - Level 23.0 Shapeshifting


You had 37 spell levels left.
You knew the following spells:

 Your Spells              Type           Power      Damage    Failure   Level
a - Blink                 Tloc           82%        N/A       1%          2
b - Manifold Assault      Tloc           41%        N/A       2%          4
c - Freezing Cloud        Conj/Ice/Air   4%         6-21      99%         5
d - Lesser Beckoning      Tloc           82%        N/A       1%          2

Your spell library contained the following spells:

 Spells                   Type           Power      Damage    Failure   Level
 Apportation              Tloc           82%        N/A       1%          1
 Gell's Gravitas          Tloc           41%        N/A       1%          3
 Teleport Other           Tloc           41%        N/A       1%          3
 Passage of Golubria      Tloc           41%        N/A       2%          4
 Momentum Strike          Conj/Tloc      50%        3d9       3%          2
 Portal Projectile        Hex/Tloc       50%        N/A       6%          3
 Vhi's Electric Charge    Tloc/Air       50%        N/A       6%          3
 Foxfire                  Conj/Fire      36%        2x1d5     21%         1
 Kiss of Death            Conj/Necr      36%        2d8       21%         1
 Magic Dart               Conj           36%        1d4       21%         1
 Necrotise                Necr           36%        1d5       21%         1
 Shock                    Conj/Air       36%        1d5       21%         1
 Slow                     Hex            36%        N/A       21%         1
 Summon Small Mammal      Summ           36%        N/A       21%         1
 Iskenderun's Mystic Bla  Conj/Tloc      25%        2d7       22%         4
 Call Imp                 Summ           18%        N/A       30%         2
 Cigotuvi's Dreadful Rot  Necr/Pois/Air  18%        N/A       30%         2
 Poisonous Vapours        Pois/Air       18%        N/A       30%         2
 Static Discharge         Conj/Air       18%        2-3/arc   30%         2
 Sublimation of Blood     Necr           9%         N/A       30%         2
 Wereblood                Tmut           9%         N/A       30%         2
 Dispersal                Tloc           20%        N/A       34%         6
 Call Canine Familiar     Summ           9%         N/A       52%         3
 Confusing Touch          Hex            9%         N/A       52%         3
 Hailstorm                Conj/Ice       9%         3d4       52%         3
 Ignite Poison            Fire/Tmut/Pois 9%         N/A       52%         3
 Inner Flame              Hex/Fire       9%         N/A       52%         3
 Mephitic Cloud           Conj/Pois/Air  9%         N/A       52%         3
 Summon Guardian Golem    Hex/Summ       9%         N/A       52%         3
 Swiftness                Air            9%         N/A       52%         3
 Tukima's Dance           Hex            9%         N/A       52%         3
 Vampiric Draining        Necr           9%         2d6       52%         3
 Summon Forest            Summ/Tloc      12%        N/A       52%         5
 Airstrike                Air            4%         2d(1-17)  89%         4
 Anguish                  Hex/Necr       4%         N/A       89%         4
 Cause Fear               Hex            4%         N/A       89%         4
 Dispel Undead            Necr           9%         3d8       89%         4
 Flame Wave               Conj/Fire      9%         2d6       89%         4
 Fulminant Prism          Conj/Hex       4%         3d5       89%         4
 Leda's Liquefaction      Hex/Erth       4%         N/A       89%         4
 Petrify                  Tmut/Erth      9%         N/A       89%         4
 Sticky Flame             Conj/Fire      9%         2d3       89%         4
 Summon Ice Beast         Ice/Summ       9%         N/A       89%         4
 Summon Lightning Spire   Summ/Air       9%         N/A       89%         4
 Agony                    Necr           9%         N/A       99%         5
 Alistair's Intoxication  Tmut/Pois      6%         N/A       99%         5
 Borgnjor's Vile Clutch   Necr/Erth      4%         N/A       99%         5
 Fireball                 Conj/Fire      4%         3d4       99%         5
 Irradiate                Conj/Tmut      4%         3d13      99%         5
 Iskenderun's Battlesphe  Conj           9%         2d6       99%         5
 Silence                  Hex/Air        4%         N/A       99%         5
 Summon Mana Viper        Hex/Summ       9%         N/A       99%         5
 Yara's Violent Unravell  Hex/Tmut       4%         3d4       99%         5
 Eringya's Noxious Bog    Tmut/Pois      4%         4d6       100%        6
 Leda's Unmaking          Conj/Erth      4%         9d2       100%        6
 Plasma Beam              Fire/Air       4%         2x1d14    100%        6
 Starburst                Conj/Fire      4%         6d4       100%        6
 Summon Cactus Giant      Summ           4%         N/A       100%        6
 Enfeeble                 Hex            4%         N/A       100%        7
 Haunt                    Necr/Summ      4%         N/A       100%        7
 Monstrous Menagerie      Summ           4%         N/A       100%        7
 Spellforged Servitor     Conj/Summ      4%         N/A       100%        7
 Summon Hydra             Summ           4%         N/A       100%        7
 Borgnjor's Revivificati  Necr           4%         N/A       100%        8
 Discord                  Hex            4%         N/A       100%        8
 Lehudib's Crystal Spear  Conj/Erth      4%         10d3      100%        8
 Death's Door             Necr           4%         N/A       100%        9
 Dragon's Call            Summ           4%         N/A       100%        9
 Animate Dead             Necr           Unusable   N/A       N/A         4
 Death Channel            Necr           Unusable   N/A       N/A         6
 Simulacrum               Ice/Necr       Unusable   N/A       N/A         6

Dungeon Overview and Level Annotations

Branches:
Dungeon (15/15)            Temple (0/1) D:6            Lair (5/5) D:10
  Swamp (4/4) Lair:3       Spider (4/4) Lair:2        Slime (0/5) Lair:4
    Orc (2/2) D:10            Elf (3/3) Orc:2        Vaults (5/5) D:13
  Crypt (0/3) Vaults:3     Depths (4/4) D:15            Zot (5/5) Depths:4
  Sewer (visited)          Bailey (visited)           IceCv (visited)
 WizLab (visited)         Gauntlet (visited)

Altars:
Fedhas
Gozag
Kikubaaqudgha
Makhleb
Okawaru
Sif Muna
Trog
Uskayaw
Vehumet
Xom
Yredelemnul
Jiyva

Shops:
D:1 *   D:2 *   D:8 *   D:12 *   D:14 *   Orc:2 =*?[   Vaults:1 =[   Vaults:2 *
Vaults:5 *(?   Depths:1 ((!=   Depths:4 *!

Portals:
Hell: Depths:1 Depths:2 Depths:3 Depths:4
Abyss: Depths:1 Depths:3
Pandemonium: Depths:1 Depths:2
Ziggurat: Depths:1

Annotations:
D:11 2 runed translucent doors
Lair:2 2 transporters, Ratus's ghost, journeyman TrBe
Spider:4 3 runed translucent doors, Empuej Wodu's ghost, adept GrEE; Flugkiller's ghost, adept TrSh; Oschuudiff's ghost, adept DsWn; Tagocin's ghost, adept DsBe
Elf:2 3 runed translucent doors
Depths:2 36 runed doors


Innate Abilities, Weirdness & Mutations

You are an undying horror.
Your melee and unarmed attacks drain, slow and weaken victims.
You are immune to unholy pain and torment.
You cannot drink.
You are immune to poison.
((You are very nimble when in or above water. (Stealth+, EV+, Speed+++)))
Your lower body shifts to a powerful aquatic tail in water.
You have a pair of small horns on your head.
You are partially covered in iridescent scales. (AC +2)
You have an increased reservoir of magic. (+10% MP)


Message History

Unknown command.
There is a stone staircase leading up, spattered with blood here.
You climb upwards.
There is a stone staircase leading down, spattered with blood here.
Unknown command.
(D) Dungeon (T) Temple (L) Lair (S) Swamp (N) Spider Nest (M) Slime Pits (O) Orcish Mines (E) Elven Halls (V) Vaults (C) Crypt (U) Depths (H) Hell (Z) Zot
Where to? (Enter - D:15, ? - help)
What level of the Dungeon? (default 1, ? - help)
You see here a +0 mace.
There is a stone staircase leading up here.
You climb upwards.
There is a stone staircase leading down here.
There is a stone staircase leading up here.
You climb upwards.
There is a stone staircase leading down here.
There is a stone staircase leading up here.
You climb upwards.
There is a stone staircase leading down here.
Unknown command.
A green death comes into view.
The green death completely misses you.
You slice the green death!!
The green death decays.
The green death is heavily wounded.
You slice the green death!!
The green death decays.
You headbutt the green death!
The green death is almost dead.
You hit the green death.
The green death decays.
You headbutt the green death.
You kill the green death!
A black mist starts to gather...
Your legs become a tail as you enter the water.
Your +2 pair of boots melds into your body.
Your +2 pair of boots unmelds from your body.
You see here a +0 club.
There is a staircase leading out of the dungeon here.
There is a fountain of clear blue water here.
There is a staircase leading out of the dungeon here.
You have escaped!

.#.###.# #.........##≈≈≈#+.......
.......# #.##.....(#...§§#.#.~~~~
.#.##..# #.##.)....§....§≈§#.~≈≈~
...###.# #.##...[..≈..⌠.§≈§#.~≈~≈
.#.# #.# #.##......#.....#...~≈≈~
..[###.# #.####≈≈≈###≈≈≈###..≈~~~
.Z.....# #.#.#.....#......#......
#Z########.#.≈.Z⌠..≈......#..≈≈~≈
#.# ##....#.≈).z..≈......#..≈≈≈≈
#.####.###.#.#.....#......#..~≈≈≈
#.ZZ...# #...+#≈≈≈##.........~~~~
######.###.#.......######........
##...#########.# #........
########.## #.# #########
.......#.# #.# ##########
######.#.### #.# #.........
...........# #.# #.#######.


You could see a friendly spectral green death.

Vanquished Creatures
  2 dread liches (Vaults:4)
  3 ancient liches
  5 orbs of fire
  3 curse toes (Zot:3)
  4 caustic shrikes
  8 golden dragons
  A bone dragon (Depths:4)
  The ghost of Qotsoore the Warrior, an adept DsFi of Okawaru (Vaults:4)
  3 Tzitzimimeh
  A Brimstone Fiend (D:8)
  Jorgrun (Swamp:3)
  2 electric golems
  A walking earthen tome (Depths:3)
  A Hell Sentinel (Zot:5)
  14 tentacled monstrosities
  6 titans
  A walking divine tome (Depths:3)
  5 liches
  A walking crystal tome (Depths:2)
  4 quicksilver dragons
  4 deep elf master archers (Elf:3)
  10 Orb Guardians
  3 deep elf blademasters (Elf:3)
  Asterion (Elf:3)
  6 sphinxes
  3 tentacled starspawn (Abyss:3)
  A sphinx (shapeshifter) (Vaults:5)
  10 death cobs
  11 shadow dragons
  A draconian monk (Zot:3)
  20 storm dragons
  2 nagarajas (WizLab)
  10 tengu reavers
  Roxanne (Elf:1)
  2 draconian knights
  6 deep elf sorcerers
  3 frost giants
  3 deep elf elementalists (Elf:3)
  7 fire giants
  5 iron dragons
  11 vault wardens
  3 ghost moths
  2 orc warlords
  5 draconian scorchers
  2 draconian shifters
  4 draconian annihilators
  16 ironbound preservers
  2 spriggan defenders
  4 war gargoyles
  4 draconian stormcallers
  A reaper (D:8)
  2 demonspawn corrupters (WizLab)
  14 very ugly things
  A cacodemon (Depths:2)
  4 vampire knights
  4 ironbound thunderhulks
  5 eleionomae
  14 green draconians
  2 formless jellyfish
  8 stone giants
  9 black draconians
  4 purple draconians
  5 deep elf demonologists
  7 deep elf annihilators
  2 lorocyprocas
  5 white draconians
  16 red draconians
  A minotaur (D:14)
  A bunyip (Swamp:4)
  4 dire elephants
  6 spark wasps
  5 yellow draconians
  4 deep elf death magi
  A green death (D:1)
  A crystal guardian (Vaults:3)
  12 ettins
  13 yaktaur captains
  5 deep elf high priests
  2 entropy weavers
  A shambling mangrove (Swamp:3)
  9 great orbs of eyes
  3 fire dragons
  A great orb of eyes (shapeshifter) (Elf:3)
  27 vault guards
  A rakshasa (Depths:3)
  A salamander tyrant (Depths:4)
  5 ice dragons
  A quicksilver dragon skeleton (Zot:3)
  3 spriggan air magi
  19 hydras
  An anaconda (shapeshifter) (Vaults:5)
  A catoblepas (D:13)
  6 ogre magi
  A merfolk aquamancer (WizLab)
  2 peacekeepers
  17 centaur warriors
  5 deep troll shamans
  5 ironbound frosthearts
  9 dancing weapons
  5 tengu warriors
  5 boulder beetles
  3 alligators
  8 deep troll earth magi
  17 two-headed ogres
  4 spriggan berserkers
  2 demonic crawlers (Spider:3)
  8 death yaks
  Urug (Lair:4)
  A titan zombie (Depths:3)
  7 hell knights (Depths:3)
  An orc high priest (Orc:2)
  A sun demon (D:7)
  5 deep elf knights
  2 skysharks (Lair:5)
  A soul eater (Depths:2)
  3 iron trolls
  A fire crab (shapeshifter) (D:13)
  A cherub (Elf:3)
  13 swamp dragons
  A storm dragon skeleton (Vaults:4)
  2 sixfirhies (Depths:2)
  A death drake (Zot:3)
  5 spriggan druids
  2 pharaoh ants
  A skeletal warrior (D:13)
  An orb spider (shapeshifter) (Depths:4)
  3 glowing orange brains
  A salamander mystic (Depths:4)
  3 spriggan riders
  3 sun moths
  38 deep trolls
  3 orb spiders
  A steelbarb worm (Spider:3)
  3 phantasmal warriors
  An obsidian statue (Gauntlet)
  12 orc knights
  9 wizards
  3 lindwurms
  9 deep elf archers
  3 harpies (Vaults:1)
  29 deep elf pyromancers
  12 deep elf zephyrmancers
  9 ironbound convokers
  A human zombie (Vaults:4)
  3 necromancers
  A steelbarb worm (shapeshifter) (Vaults:2)
  A will-o-the-wisp (Swamp:1)
  A mana viper (shapeshifter) (Depths:3)
  5 manticores
  A salamander (shapeshifter) (D:14)
  A harpy (shapeshifter) (D:12)
  A draconian zombie (Zot:3)
  44 ugly things
  A tengu skeleton (Vaults:4)
  16 wolf spiders
  A cyclops (shapeshifter) (Depths:3)
  2 orc sorcerers
  9 cyclopes
  4 worldbinders
  A sphinx skeleton (Depths:3)
  3 iron dragon skeletons
  18 vault sentinels
  19 moths of wrath
  Maurice (D:8)
  4 black mambas
  A frost giant skeleton (Depths:1)
  A water nymph (WizLab)
  12 elephants
  A water nymph (shapeshifter) (Depths:2)
  A salamander (Depths:4)
  A rust devil (Depths:1)
  10 cane toads
  2 torpor snails
  An orange demon (Depths:1)
  An eye of devastation (shapeshifter) (Vaults:5)
  Maggie (D:8)
  4 rime drakes
  2 rime drakes (shapeshifter) (D:15)
  4 freezing wraiths
  3 efreet
  An unseen horror (D:12)
  18 yaktaurs
  2 kobold demonologists
  A tormentor (Depths:1)
  5 komodo dragons
  3 tengu conjurers
  An ice devil (Depths:2)
  A wind drake (shapeshifter) (D:15)
  9 hornets
  A meliai (D:15)
  5 polar bears
  A hellwing (Abyss:3)
  4 tyrant leeches
  7 tarantellas
  A tengu simulacrum (Depths:1)
  Prince Ribbit (D:5)
  12 trolls
  A tarantella (shapeshifter) (D:15)
  A spriggan zombie (Depths:1)
  14 slime creatures
  3 blink frogs (Lair:3)
  11 raiju (Abyss:3)
  9 culicivoras
  11 jumping spiders
  2 centaur simulacra
  A shadow (D:11)
  8 spriggans
  A yak (shapeshifter) (D:15)
  49 yaks
  3 wraiths
  3 fire elementals
  5 wyverns
  3 ynoxinuls
  A basilisk (shapeshifter) (D:15)
  2 chaos spawn (D:8)
  2 neqoxecs
  28 redbacks
  5 water elementals
  2 large abominations (Zot:4)
  6 basilisks
  4 steam dragons
  2 wargs (Vaults:1)
  Menkaure (D:7)
  A naga (shapeshifter) (Depths:3)
  7 vampire mosquitoes
  A glowing shapeshifter zombie (Depths:3)
  9 swamp worms
  An acid dragon (D:10)
  A floating eye (Depths:2)
  7 hell hounds
  14 water moccasins
  6 swamp drakes
  31 orc warriors
  An ice beast (D:6)
  2 sky beasts
  2 black bears (Lair:3)
  26 ogres
  14 wolves
  3 boggarts
  7 centaurs
  A phantom (D:5)
  3 kobold brigands
  Blork the orc (D:5)
  8 bullfrogs
  7 necrophages (Lair:3)
  3 scorpions
  3 earth elementals
  11 wights
  11 killer bees (D:9)
  14 electric eels
  7 howler monkeys
  2 small abominations (Abyss:3)
  A hound (D:5)
  2 jellies
  Crazy Yiuf (D:7)
  21 orc priests
  2 sleepcaps
  Ijyb (D:4)
  4 iguanas
  3 hell rats (Lair:1)
  16 orc wizards
  9 gnolls
  8 river rats
  7 adders
  3 white imps
  An ufetubus (D:6)
  3 worms
  2 dart slugs (D:3)
  57 orcs
  6 ball pythons
  3 bats (D:2)
  7 endoplasms
  8 giant cockroaches
  7 goblins
  12 hobgoblins
  6 quokkas
  13 frilled lizards
  27 kobolds
  20 rats
  7 spectral weapons (Elf:3)
  A starspawn tentacle (Abyss:3)
1645 creatures vanquished.

Vanquished Creatures (collateral kills)
  An orb of fire (Zot:1)
  A Killer Klown (Zot:1)
  A golden dragon (Vaults:5)
  Nikola (Swamp:2)
  the Enchantress (Depths:4)
  5 tentacled monstrosities
  An Orb Guardian (Zot:5)
  A lich (Depths:1)
  A deep elf blademaster (Elf:3)
  A walking divine tome (Depths:2)
  A quicksilver dragon (Zot:1)
  A death cob (Zot:3)
  2 sphinxes
  Frances (Spider:1)
  Donald (Vaults:2)
  2 storm dragons
  Agnes (Spider:3)
  A fire giant (Depths:2)
  A deep elf sorcerer (Elf:3)
  A fenstrider witch (Swamp:4)
  A draconian knight (Zot:1)
  3 emperor scorpions
  7 vault wardens
  6 ghost moths
  2 demonspawn corrupters (WizLab)
  2 spriggan defenders (Depths:4)
  A formless jellyfish (Vaults:2)
  2 draconian shifters
  3 draconian annihilators
  11 ironbound preservers
  A broodmother (Spider:3)
  An ironbound thunderhulk (Vaults:4)
  2 stone giants
  A vampire knight (Depths:2)
  2 green draconians
  5 deep elf annihilators
  7 very ugly things
  3 purple draconians (Zot:1)
  A dire elephant (Vaults:2)
  4 deep elf demonologists (Elf:3)
  A yellow draconian (Zot:3)
  Azrael (D:15)
  A minotaur (Gauntlet)
  2 black draconians (Depths:4)
  2 bunyips
  7 spark wasps
  3 red draconians
  A deep elf death mage (Elf:2)
  A crystal guardian (Vaults:4)
  6 ettins
  6 deep elf high priests
  3 yaktaur captains
  A great orb of eyes (Vaults:3)
  A fire dragon (Lair:5)
  An entropy weaver (Spider:3)
  A shambling mangrove (Swamp:3)
  A peacekeeper (Vaults:4)
  A rakshasa (Depths:1)
  9 vault guards
  7 hydras
  A spriggan air mage (Depths:4)
  3 ogre magi
  2 radroaches
  3 ice dragons
  2 boulder beetles
  3 centaur warriors
  An alligator (shapeshifter) (WizLab)
  7 deep troll earth magi
  2 dancing weapons
  5 two-headed ogres (Orc:2)
  2 tengu warriors
  5 deep troll shamans
  2 alligators
  A death yak (D:14)
  A spriggan berserker (Depths:2)
  4 demonic crawlers
  4 soul eaters
  Sonja (D:13)
  5 deep elf knights
  2 skeletal warriors
  Amaemon (D:9)
  7 iron trolls
  A cherub (Elf:3)
  A bunyip zombie (Abyss:3)
  A death drake (Zot:3)
  A flayed ghost (Depths:1)
  22 deep trolls
  A spriggan druid (Swamp:3)
  6 pharaoh ants
  2 lindwurms
  3 bog bodies
  A glowing orange brain (Depths:1)
  8 orb spiders
  8 ironbound convokers
  9 wizards
  2 steelbarb worms
  4 deep elf archers
  2 necromancers
  6 swamp dragons
  12 deep elf pyromancers
  2 harpies (Vaults:1)
  13 deep elf zephyrmancers
  A wolf spider zombie (Spider:3)
  15 wolf spiders
  3 orc knights
  15 ugly things
  3 cyclopes
  2 orc sorcerers
  2 salamanders (Depths:4)
  A moth of wrath (shapeshifter) (Depths:3)
  4 elephants
  7 vault sentinels
  Joseph (D:9)
  A torpor snail (Spider:1)
  3 smoke demons
  4 moths of wrath
  2 black mambas (Lair:5)
  A guardian serpent (Lair:5)
  4 cane toads (Lair:5)
  An orange demon (D:9)
  15 yaktaurs
  A redback zombie (Spider:4)
  2 tengu conjurers
  2 ice devils (Depths:2)
  A komodo dragon (Lair:5)
  2 trolls
  A red devil (Depths:2)
  6 tyrant leeches
  A meliai (D:15)
  A wind drake (shapeshifter) (D:15)
  8 hornets
  A hellwing (Depths:2)
  A raiju (Abyss:3)
  8 tarantellas
  A jumping spider zombie (Spider:4)
  18 jumping spiders
  4 slime creatures
  An air elemental (Elf:2)
  2 water elementals (Elf:1)
  4 spriggans
  5 wyverns (Lair:5)
  2 fire elementals (Elf:3)
  8 yaks
  8 culicivoras
  A wraith (Vaults:3)
  A golden eye (shapeshifter) (D:15)
  2 basilisks
  25 redbacks
  4 vampire mosquitoes
  Grum (D:9)
  A steam dragon (Lair:5)
  A warg (Vaults:5)
  5 swamp worms
  2 small abominations (Abyss:3)
  An acid dragon (D:13)
  4 swamp drakes
  6 water moccasins
  A floating eye (Depths:2)
  A hornet zombie (Spider:4)
  A hell hound (D:15)
  A black bear (Lair:4)
  11 ogres
  9 orc warriors
  4 boggarts
  A wolf (Lair:4)
  A kobold brigand (D:9)
  2 bullfrogs
  A bullfrog (shapeshifter) (Elf:2)
  A wight (D:5)
  3 killer bees (D:9)
  A howler monkey (D:9)
  2 electric eels
  A jelly (D:5)
  An orc priest (Orc:2)
  A sleepcap (D:5)
  2 iguanas (Lair:5)
  5 orc wizards
  8 gnolls (D:14)
  2 adders
  An orc zombie (Vaults:5)
  22 orcs
  An endoplasm (D:2)
  A hobgoblin (D:4)
  A ball python (D:3)
  A frilled lizard (D:2)
  9 kobolds
  3 rats
642 creatures vanquished.

Vanquished Creatures (others)
  A spectral caustic shrike (Depths:3)
  A spectral juggernaut (Zot:1)
  A spectral orc (Vaults:1)
  A nagaraja (WizLab)
  A spectral titan (Vaults:5)
  A fenstrider witch (Swamp:4)
  A deep elf elementalist (Elf:3)
  2 deep elf sorcerers
  2 spectral tentacled monstrosities
  2 caustic shrike zombies
  3 spectral humans
  A spectral draconian (Zot:3)
  A deep elf demonologist (Elf:3)
  A spectral demonspawn (Depths:2)
  2 very ugly thing zombies (Vaults:5)
  A quicksilver dragon zombie (Zot:5)
  A centaur warrior (D:15)
  3 Orb Guardian zombies (Zot:5)
  A deep elf knight (Elf:1)
  9 storm dragon zombies
  A spectral sixfirhy (Depths:2)
  A spectral ugly thing (D:14)
  A ghost moth zombie (Zot:5)
  A spectral lorocyproca (Abyss:3)
  4 golden dragon zombies
  2 spark wasp zombies
  A wizard (D:15)
  4 shadow dragon zombies
  A spectral cacodemon (Depths:2)
  3 sphinx zombies
  A deep elf archer (Elf:2)
  A phantasmal warrior (Vaults:5)
  7 wolf spider zombies
  4 deep elf zephyrmancers
  4 ugly thing zombies
  3 fire giant zombies
  3 draconian zombies
  A frost giant zombie (Depths:2)
  A dire elephant zombie (Vaults:2)
  A minotaur zombie (Elf:3)
  5 black draconian zombies
  2 purple draconian zombies (Zot:1)
  A white draconian zombie (Zot:4)
  A yellow draconian zombie (Zot:3)
  3 red draconian zombies (Zot:1)
  3 green draconian zombies (Zot:1)
  A swamp worm zombie (Swamp:4)
  An orb spider zombie (Spider:3)
  7 redback zombies
  3 harpy zombies
  An iron troll zombie (Depths:2)
  A spectral cyclops (D:13)
  A mana viper zombie (Depths:3)
  4 hydra zombies
  35 human zombies
  2 bloated husks
  11 moth of wrath zombies
  A hornet (Swamp:3)
  An ice dragon zombie (Depths:2)
  20 deep troll zombies
  A spectral cherub (Elf:3)
  A culicivora zombie (Spider:3)
  4 spriggan zombies
  2 jumping spider zombies
  4 ettin zombies
  A black mamba zombie (Lair:5)
  A spriggan (Swamp:2)
  A yak (D:14)
  2 wind drake zombies (D:15)
  A spectral ice devil (Depths:2)
  14 ogre zombies
  A skyshark zombie (Lair:5)
  2 salamander zombies (Depths:4)
  3 tengu zombies
  A water nymph zombie (WizLab)
  4 two-headed ogre zombies
  A spectral red devil (Depths:2)
  3 spectral efreet
  A spectral hellwing (Abyss:3)
  2 spectral smoke demons (Abyss:3)
  4 hornet zombies
  A manticore zombie (D:15)
  An orc warrior (Vaults:5)
  3 swamp dragon zombies (Swamp:4)
  An ogre (shapeshifter) (Depths:2)
  A centaur (D:13)
  38 elf zombies
  A rime drake zombie (D:15)
  3 vampire mosquito zombies
  2 spectral ynoxinuls (Depths:2)
  A spectral neqoxec (Abyss:3)
  6 yaktaur zombies
  A komodo dragon zombie (Lair:5)
  4 hell hound zombies (D:15)
  2 wyvern zombies (Lair:5)
  5 water moccasin zombies (Lair:5)
  A cyclops zombie (D:14)
  2 warg zombies (Vaults:1)
  5 yak zombies
  3 raiju zombies (Abyss:3)
  A troll zombie (Vaults:1)
  5 wolf zombies
  2 bullfrog zombies (Lair:3)
  11 centaur zombies
  A steam dragon zombie (Lair:5)
  2 swamp drake zombies
  An iguana zombie (D:5)
  42 orc zombies
  A spectral white imp (D:8)
  A bat zombie (D:2)
  A giant cockroach zombie (D:2)
  5 gnoll zombies
  2 goblin zombies (Bailey)
  A hobgoblin zombie (D:2)
  11 kobold zombies
  2 rat zombies
  10 starspawn tentacles
419 creatures vanquished.

Grand Total: 2706 creatures vanquished

Notes
Turn   | Place    | Note
-------+----------+-------------------------------------------
     0 | D:1      | KimchiStew the Merfolk Brigand began the quest for the Orb.
     0 | D:1      | Reached XP level 1. HP: 16/16 MP: 1/1
    48 | D:1      | Reached skill level 1 in Long Blades
   228 | D:1      | Found Ommual's Assorted Antiques.
   240 | D:1      | Reached XP level 2. HP: 22/22 MP: 2/2
   437 | D:1      | Bought a scroll labelled WOHUTA PUMP for 28 gold pieces
   787 | D:1      | Reached XP level 3. HP: 27/27 MP: 3/3
   789 | D:1      | Found a faded altar of an unknown god.
   797 | D:1      | Prayed at the altar of an unknown god.
   797 | D:1      | Became a worshipper of Yredelemnul the Dark
   797 | D:1      | Reached * piety under Yredelemnul
  1208 | D:2      | Found Oret's General Store.
  1663 | D:3      | Reached XP level 4. HP: 33/33 MP: 4/4
  1664 | D:3      | Found an opulent altar of Gozag.
  2687 | D:4      | Noticed a scorpion
  2696 | D:4      | Killed a scorpion
  2697 | D:4      | Reached XP level 5. HP: 16/38 MP: 5/5
  2851 | D:4      | Found a glowing drain.
  2861 | Sewer    | Entered a sewer
  2943 | Sewer    | Reached skill level 5 in Long Blades
  3060 | Sewer    | Reached ** piety under Yredelemnul
  3118 | Sewer    | Reached XP level 6. HP: 44/44 MP: 6/6
  3615 | D:4      | Found a bloodstained altar of Trog.
  3616 | D:4      | Identified the ring "Masiffu" {Str+3 Dex+6}
  4173 | D:5      | Entered Level 5 of the Dungeon
  4176 | D:5      | Noticed Ijyb
  4331 | D:4      | Killed Ijyb
  4368 | D:4      | HP: 2/44 [poisoned by a wight]
  4771 | D:5      | Reached XP level 7. HP: 50/50 MP: 7/7
  5222 | D:5      | Noticed Blork the orc
  5240 | D:5      | Killed Blork the orc
  5241 | D:5      | Reached XP level 8. HP: 48/56 MP: 8/8
  5286 | D:5      | Noticed Prince Ribbit
  5306 | D:5      | Killed Prince Ribbit
  5307 | D:5      | Reached skill level 10 in Long Blades
  5568 | D:5      | Your ally Blork died
  5954 | D:6      | Found a staircase to the Ecumenical Temple.
  6976 | D:6      | Reached XP level 9. HP: 61/61 MP: 9/9
  7253 | D:7      | Noticed Menkaure
  7370 | D:7      | Found a flagged portal.
  7382 | Bailey   | Entered a bailey
  7390 | Bailey   | Noticed an orc warlord
  7480 | Bailey   | Found a runed translucent gate.
  7482 | Bailey   | Found a runed translucent gate.
  7484 | Bailey   | Acquired a +2 heavy triple sword
  7487 | Bailey   | Found a runed translucent gate.
  7747 | Bailey   | Reached skill level 1 in Invocations
  7910 | Bailey   | Killed an orc warlord
  8211 | D:7      | Killed Menkaure
  8334 | D:7      | Found a runed translucent door.
  8335 | D:7      | Noticed Crazy Yiuf
  8422 | D:7      | Reached XP level 10. HP: 73/73 MP: 12/12
  8473 | D:7      | Killed Crazy Yiuf
  9074 | D:8      | Found Ratenuagre's Mass Market.
  9131 | D:8      | Noticed Maggie
  9138 | D:8      | Killed Maggie
  9139 | D:8      | Reached skill level 5 in Dodging
  9441 | D:8      | Noticed Maurice
  9452 | D:8      | Killed Maurice
  9525 | D:8      | Reached *** piety under Yredelemnul
  9530 | D:8      | Reached skill level 5 in Fighting
 10586 | D:9      | Reached skill level 5 in Invocations
 10592 | D:9      | Reached skill level 15 in Long Blades
 10795 | D:9      | Learned a level 2 spell: Blink
 10800 | D:9      | Learned a level 4 spell: Manifold Assault
 10800 | D:9      | Acquired a manual of Spellcasting
 10885 | D:9      | Noticed Grum
 10885 | D:9      | Noticed Amaemon
 10887 | D:9      | Noticed an orange demon
 10899 | D:9      | Reached XP level 11. HP: 81/81 MP: 11/15
 10901 | D:9      | Killed Grum
 10908 | D:9      | Killed Amaemon
 11228 | D:9      | Noticed Joseph
 11237 | D:9      | Killed Joseph
 11475 | D:9      | Reached **** piety under Yredelemnul
 11510 | D:9      | Reached ***** piety under Yredelemnul
 11546 | D:9      | Reached ****** piety under Yredelemnul
 11811 | D:10     | Entered Level 10 of the Dungeon
 11855 | D:10     | Found a staircase to the Orcish Mines.
 12069 | D:10     | Found a shimmering altar of Xom.
 12081 | D:10     | Found a radiant altar of Vehumet.
 12126 | D:10     | Found a staircase to the Lair.
 12694 | D:10     | Noticed a two-headed ogre
 12701 | D:10     | Killed a two-headed ogre
 13409 | D:11     | Found a large runed translucent door.
 13409 | D:11     | Found a large runed translucent door.
 13409 | D:11     | Noticed a cyclops
 13418 | D:11     | Killed a cyclops
 13448 | D:11     | Found a large runed translucent door.
 13448 | D:11     | Found a large runed translucent door.
 13492 | D:11     | Noticed a boulder beetle
 13497 | D:11     | Killed a boulder beetle
 13498 | D:11     | Reached XP level 12. HP: 92/92 MP: 17/17
 13579 | D:11     | Noticed a centaur warrior
 13583 | D:11     | Killed a centaur warrior
 13915 | D:11     | Noticed a two-headed ogre
 13920 | D:11     | Killed a two-headed ogre
 14162 | Lair:1   | Entered Level 1 of the Lair of Beasts
 14396 | Lair:1   | Found a gate leading to a gauntlet.
 14406 | Gauntlet | Entered a Gauntlet
 14406 | Gauntlet | Found a transporter.
 14409 | Gauntlet | Found a transporter.
 14421 | Gauntlet | Found a transporter.
 14425 | Gauntlet | Found a transporter.
 14427 | Gauntlet | Found a large runed translucent door.
 14427 | Gauntlet | Found a large runed translucent door.
 14428 | Gauntlet | Found a large runed translucent door.
 14429 | Gauntlet | Found a large runed translucent door.
 14429 | Gauntlet | Found a large runed translucent door.
 14429 | Gauntlet | Found a runed translucent door.
 14430 | Gauntlet | Found a large runed translucent door.
 14431 | Gauntlet | Found a large runed translucent door.
 14432 | Gauntlet | Found a large runed translucent door.
 14432 | Gauntlet | Found a large runed translucent door.
 14433 | Gauntlet | Found a runed translucent gate.
 14441 | Gauntlet | Found a runed translucent gate.
 14441 | Gauntlet | Found a transporter.
 14442 | Gauntlet | Found a runed translucent gate.
 14442 | Gauntlet | Found a runed translucent door.
 14444 | Gauntlet | Found a large runed translucent door.
 14444 | Gauntlet | Found a large runed translucent door.
 14445 | Gauntlet | Found a large runed translucent door.
 14446 | Gauntlet | Found a large runed translucent door.
 14454 | Gauntlet | Found a transporter.
 14455 | Gauntlet | Found a large runed translucent door.
 14455 | Gauntlet | Found a large runed translucent door.
 14458 | Gauntlet | Found a runed translucent door.
 14471 | Gauntlet | Found a transporter.
 14485 | Gauntlet | Found a transporter.
 14489 | Gauntlet | Found a transporter.
 14494 | Gauntlet | Noticed an entropy weaver
 14497 | Gauntlet | Found a transporter.
 14514 | Gauntlet | Noticed a blizzard demon
 14523 | Gauntlet | Found a transporter.
 14523 | Gauntlet | Found a transporter.
 14550 | Gauntlet | Found a large runed translucent door.
 14575 | Gauntlet | Identified the +0 cloak of the Dolphin {*Corrode +Inv rC+
                  | Str+4}
 14654 | Gauntlet | Noticed a minotaur
 14660 | Gauntlet | Killed a minotaur
 14667 | Gauntlet | Identified the +0 broad axe "Bodob" {freeze, rPois Will+
                  | Dex-2}
 14693 | Lair:1   | Reached skill level 10 in Dodging
 14718 | Lair:1   | Learned a level 5 spell: Freezing Cloud
 14821 | Lair:1   | Noticed a six-headed hydra
 14827 | Lair:1   | Killed a three-headed hydra
 15776 | Lair:2   | Found a hole to the Spider Nest.
 15905 | Lair:2   | Found an ancient bone altar of Kikubaaqudgha.
 15915 | Lair:2   | Reached XP level 13. HP: 97/101 MP: 19/19
 16153 | Lair:2   | You fall into a shaft and drop 1 floor!
 16501 | Lair:3   | Found a staircase to the Swamp.
 16501 | Lair:3   | Noticed an eleionoma
 16511 | Lair:3   | Killed an eleionoma
 16512 | Lair:3   | Reached skill level 10 in Fighting
 16730 | Lair:3   | Reached skill level 10 in Invocations
 17528 | Lair:4   | Found a viscous altar of Jiyva.
 17531 | Lair:4   | Found a staircase to the Slime Pits.
 17540 | Lair:4   | Identified the +4 plate armour of Quno {rC+ Regen+}
 17547 | Lair:4   | Noticed Urug
 17557 | Lair:4   | Killed Urug
 17753 | Lair:4   | Reached XP level 14. HP: 93/111 MP: 16/21
 18400 | Lair:5   | Entered Level 5 of the Lair of Beasts
 18498 | Lair:5   | Noticed Rupert
 18512 | Lair:5   | Killed Rupert
 18512 | Lair:5   | Enslaved Rupert
 18658 | Lair:5   | Paralysed by a hornet for 1 turns
 19148 | Lair:5   | Learned a level 2 spell: Lesser Beckoning
 19628 | Orc:1    | Entered Level 1 of the Orcish Mines
 20157 | Orc:2    | Entered Level 2 of the Orcish Mines
 20157 | Orc:2    | Found a staircase to the Elven Halls.
 20457 | Orc:2    | Your ally Rupert died
 20477 | Orc:2    | Reached XP level 15. HP: 44/120 MP: 2/23
 20759 | Orc:2    | Paralysed by an ogre mage for 4 turns
 21017 | Orc:2    | Found Lasenis's Antique Armour Shop.
 21017 | Orc:2    | Found Rani's Assorted Antiques.
 21018 | Orc:2    | Found Nasu's Magic Scroll Emporium.
 21018 | Orc:2    | Found Ynyolid's Jewellery Boutique.
 21030 | Orc:2    | Bought the ring of Midsummer {Fly rF+} for 378 gold pieces
 21030 | Orc:2    | Bought a granite talisman for 960 gold pieces
 21030 | Orc:2    | Acquired 1040 gold pieces
 21927 | D:12     | Found an opulent altar of Gozag.
 21933 | D:12     | Found Gozag's Platinum Reserve.
 21976 | D:12     | Reached skill level 1 in Shapeshifting
 22861 | D:13     | Reached skill level 2 in Shapeshifting
 22906 | D:13     | Found a gate to the Vaults.
 23192 | D:13     | Reached skill level 3 in Shapeshifting
 23469 | D:13     | Reached skill level 15 in Dodging
 23685 | D:13     | Reached skill level 4 in Shapeshifting
 24151 | D:13     | Found an iron altar of Okawaru.
 24208 | D:13     | Noticed Sonja
 24215 | D:13     | Killed Sonja
 24216 | D:13     | Reached XP level 16. HP: 108/130 MP: 23/25
 24916 | D:14     | Reached skill level 5 in Shapeshifting
 25245 | D:14     | Found Huesimm's General Store.
 25248 | D:14     | Bought a condenser vane for 480 gold pieces
 25248 | D:14     | Bought a scroll of teleportation for 36 gold pieces
 26125 | D:15     | Entered Level 15 of the Dungeon
 26200 | D:15     | Noticed Azrael
 26228 | D:15     | Killed Azrael
 26461 | D:15     | Reached skill level 6 in Shapeshifting
 26580 | D:15     | Found a staircase to the Depths.
 26748 | D:15     | Found a burning altar of Makhleb.
 26748 | D:15     | Found a shimmering blue altar of Sif Muna.
 26749 | D:15     | Found a burning altar of Makhleb.
 26970 | D:15     | Reached skill level 7 in Shapeshifting
 26984 | D:15     | Your ally Azrael died
 27193 | D:15     | Identified the +0 trident "Xompy" {distort, Stlth+}
 27554 | D:15     | Reached XP level 17. HP: 86/140 MP: 19/27
 27805 | D:15     | Noticed Nessos
 27808 | D:15     | Reached skill level 8 in Shapeshifting
 27817 | D:15     | Killed Nessos
 27817 | D:15     | Enslaved Nessos
 28690 | Orc:2    | Bought a ring of poison resistance for 240 gold pieces
 28939 | Swamp:1  | Entered Level 1 of the Swamp
 29648 | Swamp:2  | Reached skill level 1 in Armour
 29940 | Swamp:2  | Noticed Nikola
 29943 | Swamp:2  | Reached skill level 15 in Fighting
 29951 | Swamp:2  | Killed Nikola
 30345 | Swamp:3  | Reached skill level 9 in Shapeshifting
 30369 | Swamp:3  | Reached skill level 15 in Invocations
 30714 | Swamp:3  | Identified the amulet "Sietyhamme" {Regen+ Int+4}
 30827 | Swamp:3  | Noticed Jorgrun
 30834 | Swamp:3  | Killed Jorgrun
 31077 | Swamp:3  | Noticed Louise
 31090 | Swamp:3  | Killed Louise
 31090 | Swamp:3  | Enslaved Louise
 31395 | Swamp:4  | Entered Level 4 of the Swamp
 31472 | Swamp:4  | Reached XP level 18. HP: 149/149 MP: 29/29
 31474 | Swamp:4  | Found a frozen archway.
 31532 | IceCv    | Entered an ice cave
 32001 | Swamp:4  | Reached skill level 10 in Shapeshifting
 32232 | Swamp:4  | Noticed the 27-headed Lernaean hydra
 32237 | Swamp:4  | Killed the 27-headed Lernaean hydra
 32237 | Swamp:4  | Enslaved the 27-headed Lernaean hydra
 32430 | Swamp:4  | Got a decaying rune of Zot
 32834 | Lair:2   | Found a bloodstained altar of Trog.
 32835 | Lair:2   | Noticed Ratus's ghost (journeyman TrBe)
 32839 | Lair:2   | Found a transporter.
 32864 | Lair:2   | Found a transporter.
 32950 | Spider:1 | Entered Level 1 of the Spider Nest
 33139 | Spider:1 | Noticed Frances
 33147 | Spider:1 | Killed Frances
 33175 | Spider:1 | Reached skill level 1 in Shields
 34551 | Spider:3 | Noticed Agnes
 34555 | Spider:3 | Killed Agnes
 34766 | Spider:3 | Reached skill level 11 in Shapeshifting
 35383 | Spider:3 | Reached skill level 5 in Shields
 35401 | Spider:3 | Reached XP level 19. HP: 157/157 MP: 31/31
 35416 | Spider:3 | Reached skill level 5 in Armour
 35728 | Spider:4 | Entered Level 4 of the Spider Nest
 36069 | Spider:4 | Got a gossamer rune of Zot
 36965 | Spider:4 | Found a runed translucent gate.
 36966 | Spider:4 | Found a runed translucent gate.
 36966 | Spider:4 | Found a runed translucent gate.
 36967 | Spider:4 | Noticed Oschuudiff's ghost (adept DsWn)
 36967 | Spider:4 | Noticed Flugkiller's ghost (adept TrSh)
 36967 | Spider:4 | Noticed Tagocin's ghost (adept DsBe)
 36967 | Spider:4 | Noticed Empuej Wodu's ghost (adept GrEE)
 37299 | Vaults:1 | Entered Level 1 of the Vaults
 37576 | Vaults:1 | Noticed Saint Roka
 37589 | Vaults:1 | Killed Saint Roka
 37589 | Vaults:1 | Enslaved Saint Roka
 37611 | Vaults:1 | Found Suiry's Jewellery Boutique.
 37774 | Vaults:1 | Reached skill level 12 in Shapeshifting
 37782 | Vaults:1 | Your ally Saint Roka died
 38296 | Vaults:1 | Reached XP level 20. HP: 168/168 MP: 32/32
 38617 | Vaults:1 | Found Falac's Antique Armour Emporium.
 38640 | Vaults:1 | Bought a pair of embroidered boots for 240 gold pieces
 39490 | Vaults:2 | Identified the +6 rapier of Gidgheap {freeze, rElec rF+ rC+
                  | Dex+3}
 39609 | Vaults:2 | Reached skill level 13 in Shapeshifting
 39938 | Vaults:2 | Reached skill level 10 in Shields
 40323 | Vaults:2 | Paralysed by a formless jellyfish for 1 turns
 40339 | Vaults:2 | Found Pyri Dust's Assorted Antiques.
 40347 | Vaults:2 | Bought a scroll of blinking for 277 gold pieces
 40347 | Vaults:2 | Bought a scroll of teleportation for 111 gold pieces
 40366 | Vaults:2 | Noticed Donald
 40373 | Vaults:2 | Killed Donald
 41141 | Vaults:3 | Reached skill level 14 in Shapeshifting
 41144 | Vaults:3 | Reached XP level 21. HP: 177/177 MP: 18/34
 41220 | Vaults:3 | Found a staircase to the Crypt.
 41453 | Vaults:3 | You are sucked into a shaft and drop 1 floor!
 41539 | Vaults:4 | Noticed Norris
 41555 | Vaults:4 | Killed Norris
 41555 | Vaults:4 | Enslaved Norris
 41853 | Vaults:4 | Identified the +4 plate armour "Tockovao" {Dex+2}
 41866 | Vaults:4 | Got the Exposition on Glowing Clouds
 41911 | Vaults:4 | Reached skill level 15 in Shapeshifting
 42163 | Vaults:4 | Found a runed translucent gate.
 42165 | Vaults:4 | Found a runed translucent gate.
 42165 | Vaults:4 | Found an ancient bone altar of Kikubaaqudgha.
 42165 | Vaults:4 | Noticed a dread lich
 42166 | Vaults:4 | Found a runed translucent gate.
 42167 | Vaults:4 | Noticed a dread lich
 42167 | Vaults:4 | Noticed Qotsoore's ghost (adept DsFi)
 42422 | Vaults:4 | Identified the +0 scale mail of Impish Life {rF+ Dex+6
                  | Slay+3}
 43310 | Elf:1    | Entered Level 1 of the Elven Halls
 43391 | Elf:1    | Your ally Norris died
 43438 | Elf:1    | Got the Incunabulum of Bodily Humours
 43462 | Elf:1    | Found a magical portal.
 43471 | WizLab   | Entered Alistair's Party Mansion
 43542 | WizLab   | Reached skill level 16 in Shapeshifting
 43564 | WizLab   | Noticed a golden dragon
 43712 | WizLab   | Got the Elucidation of Mutated Nausea
 43790 | Elf:1    | Found a shimmering altar of Xom.
 43946 | Elf:1    | Found a portal to a secret trove of treasure.
 44309 | Elf:1    | Noticed Roxanne
 44317 | Elf:1    | Killed Roxanne
 44415 | Elf:1    | Reached skill level 17 in Shapeshifting
 44760 | Elf:2    | Reached XP level 22. HP: 184/184 MP: 35/35
 45060 | Elf:2    | Found a runed translucent gate.
 45060 | Elf:2    | Found a runed translucent gate.
 45064 | Elf:2    | Found a runed translucent gate.
 45260 | Elf:3    | Entered Level 3 of the Elven Halls
 45310 | Elf:3    | Noticed Asterion
 45332 | Elf:3    | Killed Asterion
 45526 | Elf:3    | Reached skill level 18 in Shapeshifting
 45535 | Elf:3    | Got the Tempter's Directory of Forbidden Fruit
 46113 | Elf:3    | Identified the +1 robe of Focus {rPois rF+ rCorr}
 46113 | Elf:3    | Identified the amulet of Igomaarch {Spirit rF+ Dex+2}
 46122 | Elf:3    | Your ally Asterion died
 46144 | Elf:3    | Identified the +5 whip of Anguish {drain, Will+ Int+2}
 46290 | Elf:3    | Reached skill level 19 in Shapeshifting
 46337 | Elf:3    | Identified the +10 bardiche "Mely" {flame, rCorr Dex+2 SInv
                  | Stlth+}
 46426 | Elf:3    | Identified the +3 pair of gloves of Action {Regen+}
 46450 | Elf:3    | Identified the +9 ring mail of Jilole {rElec Int+3}
 46466 | Elf:3    | Identified the staff of Dithmenos's Vengeance {rElec rC++
                  | Will- MP+9 Str+3 Stlth+ Air}
 46637 | Elf:3    | Identified the ring of Truth {rPois EV+5 Slay+3 SInv}
 47070 | Elf:3    | Identified the staff "Akyle" {rPois Str+3 Earth}
 47077 | Elf:3    | Identified the +0 chain mail of the Quahog {Int+4 Dex+2}
 47471 | Depths:1 | Entered Level 1 of the Depths
 47475 | Depths:1 | Found Vefe's Jewellery Boutique.
 47500 | Depths:1 | Reached skill level 15 in Shields
 47561 | Depths:1 | Reached skill level 20 in Shapeshifting
 47718 | Depths:1 | Found Anleum's Distillery.
 47730 | Depths:1 | Bought a potion of might for 56 gold pieces
 47730 | Depths:1 | Bought a potion of resistance for 140 gold pieces
 47730 | Depths:1 | Bought a potion of heal wounds for 70 gold pieces
 47737 | Depths:1 | Found a gateway to Hell.
 47790 | Depths:1 | Found a one-way gate leading to the halls of Pandemonium.
 47828 | Depths:1 | Found a one-way gateway to a ziggurat.
 47908 | Depths:1 | Found a one-way gate to the infinite horrors of the Abyss.
 47914 | Abyss:3  | Cast into level 3 of the Abyss (deep elf sorcerer)
 47927 | Abyss:3  | Found a corrupted altar of Lugonu.
 47946 | Abyss:3  | Found a corrupted altar of Lugonu.
 47946 | Abyss:3  | Found a corrupted altar of Lugonu.
 47946 | Abyss:3  | Found a corrupted altar of Lugonu.
 47953 | Abyss:3  | Reached XP level 23. HP: 190/190 MP: 36/36
 48018 | Abyss:3  | Gained mutation: Your magical capacity is low. (-10% MP) [a
                  | neqoxec]
 48020 | Abyss:3  | Gained mutation: You sometimes lose your temper in combat.
                  | [a neqoxec]
 48026 | Abyss:3  | Lost mutation: You sometimes lose your temper in combat.
                  | [potion of mutation]
 48026 | Abyss:3  | Lost mutation: Your magical capacity is low. (-10% MP)
                  | [potion of mutation]
 48026 | Abyss:3  | Gained mutation: You are agile. (Dex +4, Str/Int -1)
                  | [potion of mutation]
 48026 | Abyss:3  | Gained mutation: A frigid envelope surrounds you and
                  | freezes all who hurt you. [potion of mutation]
 48124 | Depths:1 | Escaped the Abyss
 48182 | Depths:1 | Found a hide-covered altar of Uskayaw.
 48365 | Depths:1 | Found a blossoming altar of Fedhas.
 48467 | Depths:1 | Found Guulac's Weapon Shoppe.
 48477 | Depths:1 | Reached skill level 21 in Shapeshifting
 48530 | Depths:1 | Found Koelaguu's Antique Weapon Boutique.
 48865 | Depths:2 | Found a huge runed gate.
 48865 | Depths:2 | Found a huge runed gate.
 48870 | Depths:2 | Found a huge runed gate.
 48871 | Depths:2 | Found a huge runed gate.
 48871 | Depths:2 | Found a huge runed gate.
 48871 | Depths:2 | Found a huge runed gate.
 48872 | Depths:2 | Found a huge runed gate.
 48872 | Depths:2 | Found a huge runed gate.
 48873 | Depths:2 | Found a huge runed gate.
 48873 | Depths:2 | Found a huge runed gate.
 48874 | Depths:2 | Found a huge runed gate.
 48874 | Depths:2 | Found a huge runed gate.
 48875 | Depths:2 | Found a huge runed gate.
 48876 | Depths:2 | Found a huge runed gate.
 49037 | Depths:2 | Paralysed by a floating eye for 2 turns
 49261 | Depths:2 | Reached skill level 22 in Shapeshifting
 49277 | Depths:2 | Gained mutation: You do not regenerate when monsters are
                  | visible. [a cacodemon]
 49466 | Depths:2 | Noticed a caustic shrike
 49476 | Depths:2 | Killed a caustic shrike
 49576 | Depths:2 | Identified the +10 orcbow "Vusutz" {speed, rC- Str-4 Int+9
                  | Dex+4}
 49587 | Depths:2 | Found a huge runed gate.
 49587 | Depths:2 | Found a huge runed gate.
 49612 | Depths:2 | Found a huge runed gate.
 49612 | Depths:2 | Found a huge runed gate.
 49612 | Depths:2 | Found a huge runed gate.
 49612 | Depths:2 | Found a huge runed gate.
 49612 | Depths:2 | Found a huge runed gate.
 49614 | Depths:2 | Found a huge runed gate.
 49615 | Depths:2 | Found a huge runed gate.
 49616 | Depths:2 | Found a huge runed gate.
 49618 | Depths:2 | Found a huge runed gate.
 49618 | Depths:2 | Identified the +1 arbalest of Symmetry {penet, rC+}
 49626 | Depths:2 | Found a huge runed gate.
 49626 | Depths:2 | Found a huge runed gate.
 49626 | Depths:2 | Found a huge runed gate.
 49626 | Depths:2 | Found a huge runed gate.
 49626 | Depths:2 | Found a huge runed gate.
 49626 | Depths:2 | Found a huge runed gate.
 49628 | Depths:2 | Found a huge runed gate.
 49629 | Depths:2 | Found a huge runed gate.
 49630 | Depths:2 | Found a huge runed gate.
 49638 | Depths:2 | Found a huge runed gate.
 49638 | Depths:2 | Found a huge runed gate.
 49828 | Depths:2 | Identified the +7 arbalest of Oskomna {antimagic, Fly rN+++
                  | Str-5 Dex-4}
 49839 | Depths:2 | Lost mutation: You do not regenerate when monsters are
                  | visible. [potion of mutation]
 49839 | Depths:2 | Lost mutation: A frigid envelope surrounds you and freezes
                  | all who hurt you. [potion of mutation]
 49839 | Depths:2 | Lost mutation: You are agile. (Dex +4, Str/Int -1) [potion
                  | of mutation]
 49839 | Depths:2 | Gained mutation: You have an increased reservoir of magic.
                  | (+10% MP) [potion of mutation]
 49839 | Depths:2 | Gained mutation: You are partially covered in iridescent
                  | scales. (AC +2) [potion of mutation]
 49839 | Depths:2 | Gained mutation: You have a pair of small horns on your
                  | head. [potion of mutation]
 49847 | Depths:2 | Noticed a golden dragon
 49856 | Depths:2 | Killed a golden dragon
 49860 | Depths:2 | Reached skill level 23 in Shapeshifting
 50017 | Depths:2 | Got Khufu's Atlas of the Grave
 50388 | Depths:3 | Noticed a caustic shrike
 50388 | Depths:3 | Noticed a caustic shrike
 50388 | Depths:3 | Noticed a caustic shrike
 50389 | Depths:3 | Noticed a caustic shrike
 50403 | Depths:3 | Killed a caustic shrike
 50403 | Depths:3 | Enslaved a caustic shrike
 50417 | Depths:3 | Killed a caustic shrike
 50421 | Depths:3 | Killed a caustic shrike
 50423 | Depths:3 | Killed a caustic shrike
 50424 | Depths:3 | Reached XP level 24. HP: 167/199 MP: 37/39
 50435 | Depths:3 | Reached skill level 1 in Evocations
 50466 | Depths:3 | Identified the +1 shortbow of the Scorpion {drain, Dex+3}
 50485 | Depths:3 | Identified the staff of Extermination {rElec rPois Int+7
                  | Air}
 51592 | Elf:1    | You paid a toll of 2 scrolls of acquirement to enter a
                  | treasure trove
 51593 | Trove    | Entered a treasure trove
 51600 | Trove    | Identified the ring "Ococaef" {+Blink rCorr Str+8}
 51618 | Trove    | Found the +3 pair of gauntlets of War {Slay+5}
 51640 | Trove    | Identified the ring of Secrets {Ice Dex+3}
 52006 | Vaults:3 | Reached skill level 1 in Spellcasting
 52021 | Vaults:3 | Reached skill level 5 in Evocations
 52719 | Vaults:4 | Killed a dread lich
 52736 | Vaults:4 | Killed Qotsoore's ghost
 52742 | Vaults:4 | Killed a dread lich
 52777 | Vaults:4 | Identified the ring "Secix" {rF++ rN++ AC+4 Int-3}
 52791 | Vaults:4 | Got Kikubaaqudgha's Codex of Despair
 52799 | Vaults:4 | Identified the +0 helmet "Niriowapia" {Will+}
 52880 | Vaults:5 | Entered Level 5 of the Vaults
 53115 | Vaults:5 | Reached skill level 5 in Spellcasting
 53178 | Vaults:5 | Found Wuyci's Magic Scroll Shoppe.
 53185 | Vaults:5 | Reached XP level 25. HP: 208/208 MP: 39/39
 53225 | Vaults:5 | Bought a scroll of acquirement for 676 gold pieces
 53225 | Vaults:5 | Bought a scroll of blinking for 97 gold pieces
 53225 | Vaults:5 | Bought a scroll of immolation for 52 gold pieces
 53225 | Vaults:5 | Acquired 850 gold pieces
 53230 | Vaults:5 | Got a silver rune of Zot
 53424 | Vaults:5 | Got the Octavo of Metallic Mortification
 53451 | Vaults:5 | Noticed an ancient lich
 53456 | Vaults:5 | Killed an ancient lich
 53594 | Vaults:5 | Found Yvias's Weapon Shop.
 53770 | Vaults:5 | Identified the +5 plate armour of Danolav {rElec Will+
                  | Slay+2}
 54142 | Vaults:5 | Found Saqeliva's General Store.
 54186 | Vaults:5 | Bought a scroll of fear for 84 gold pieces
 54186 | Vaults:5 | Bought a potion of haste for 210 gold pieces
 54879 | Depths:4 | Entered Level 4 of the Depths
 54882 | Depths:4 | Noticed the Enchantress
 54919 | Depths:4 | Killed the Enchantress
 54969 | Depths:4 | Reached skill level 10 in Evocations
 54970 | Depths:4 | Found a gate to the Realm of Zot.
 55066 | Depths:4 | Found Ilekirgh's Distillery.
 55089 | Depths:4 | Noticed a juggernaut
 55104 | Depths:4 | Killed a juggernaut
 55104 | Depths:4 | Enslaved a juggernaut
 55120 | Depths:4 | Found Veiruobe's General Store.
 55180 | Depths:4 | Bought a scroll of fog for 72 gold pieces
 55374 | Depths:4 | Bought a potion of mutation for 96 gold pieces
 55374 | Depths:4 | Bought a potion of heal wounds for 60 gold pieces
 55374 | Depths:4 | Bought a potion of heal wounds for 60 gold pieces
 55374 | Depths:4 | Bought a potion of attraction for 36 gold pieces
 55649 | Zot:1    | Entered Level 1 of the Realm of Zot
 55656 | Zot:1    | Noticed an orb of fire
 55927 | Zot:1    | Found a shimmering altar of Xom.
 56313 | Zot:1    | Noticed an orb of fire
 56338 | Zot:1    | Killed an orb of fire
 56434 | Zot:1    | Identified the orb of Xeymol {guile, rN+}
 56438 | Zot:1    | Reached XP level 26. HP: 217/218 MP: 39/39
 56790 | Zot:1    | Noticed a Killer Klown
 56815 | Zot:1    | Killed a Killer Klown
 56976 | Zot:1    | Killed an orb of fire
 57151 | Zot:2    | Reached skill level 1 in Translocations
 57692 | Zot:3    | Reached skill level 10 in Spellcasting
 57805 | Zot:3    | Reached skill level 5 in Translocations
 57837 | Zot:3    | Noticed an ancient lich
 57843 | Zot:3    | Killed an ancient lich
 57855 | Zot:3    | Noticed an ancient lich
 57879 | Zot:3    | Killed an ancient lich
 58251 | Zot:3    | Identified the +3 spear of Optimality {protect, *Noise rN+
                  | Str+6}
 58868 | Zot:4    | Reached XP level 27. HP: 228/228 MP: 42/42
 58938 | Zot:4    | Got the Omnibus of Charnel Combat Magic
 59485 | Zot:5    | Entered Level 5 of the Realm of Zot
 59621 | Zot:5    | Got the Orb of Zot
 59623 | Zot:5    | Noticed an orb of fire
 59623 | Zot:5    | Noticed an orb of fire
 59624 | Zot:5    | Noticed a dread lich
 59627 | Zot:5    | Noticed a dread lich
 59702 | Zot:5    | Noticed an orb of fire
 59706 | Zot:5    | Noticed an orb of fire
 59713 | Zot:5    | Noticed an orb of fire
 59713 | Zot:5    | Killed an orb of fire
 59764 | Zot:5    | Noticed an orb of fire
 59764 | Zot:5    | Noticed an orb of fire
 59765 | Zot:5    | Noticed an ancient lich
 59767 | Zot:5    | Noticed an orb of fire
 59768 | Zot:5    | Noticed an orb of fire
 59809 | Zot:5    | Killed an orb of fire
 59940 | Zot:5    | Reached skill level 10 in Translocations
 60039 | Zot:5    | Killed an orb of fire
 60195 | Zot:5    | Killed an orb of fire
 60217 | Zot:5    | Noticed Loihokk the pandemonium lord
 60747 | D:$      | Escaped with the Orb!

Illustrated notes

Levels and vault maps discovered:
D:1:      dpeg_arrival_rooms_with_view, layout_loops_ring, serial_shops, shop,
          serial_glass, glass_columns_b, glass_columns_c, item_on_display_a,
          feat_on_display, due_unseen_surprise, minmay_strange_pillars,
          basic_ecumenical_altar, minivault_14, minivault_19,
          chequers_serial_rivers_small_3
D:2:      layout_rooms, serial_shops, shop, kennysheep_big_empty_room
D:3:      layout_loops_corners, mainiacjoe_overflow_boulevard,
          kennysheep_generic_room_3
D:4:      layout_rooms, nicolae_overflow_hidden_temple, gup_sewer_entry_bubbles,
          kennysheep_diamond
D:5:      layout_loops_ring, uniq_blork_the_orc, uniq_prince_ribbit1, uniq_ijyb
D:6:      layout_layer_cave, minmay_temple_entry_stoned_glass
D:7:      statuecave_lemuel, layout_gridville, enter_bailey_1,
          nicolae_underground_beach, uniq_crazy_yiuf_cottage, uniq_menkaure
D:8:      layout_layer_cave, minmay_shop_mass, uniq_maurice, uniq_maggie
D:9:      layout_grid_maze, eino_jars, uniq_grum, uniq_amaemon, uniq_joseph
D:10:     layout_loops_ring, nicolae_overflow_squiral, lair_entry_dummy,
          david_orc_2, serial_bayou, serial_bayou_crossing, serial_bayou_pond_e,
          serial_bayou_shore_a, serial_bayou_lagoon_b, serial_bayou_pond_e,
          serial_bayou_lagoon_a, minmay_misc_feat_columns
D:11:     layout_loops_ring, minmay_hollow_rounded_squares
D:12:     layout_roguey, nicolae_gozag_zags_fifth_avenue
D:13:     four-leaf_vault, layout_cave_pools, erik_vaults_2, special_room
          [special_room_orc], okawaru_metal_pillars_3, uniq_sonja
D:14:     fort_yaktaur, layout_stronghold, serial_shops, kennysheep_mini_moat
D:15:     hangedman_slaughterboxes, uniq_azrael, uniq_nessos
Lair:1:   layout_loops_ring, gauntlet_entry_generic, kennysheep_abandoned_house
Lair:2:   layout_cave_shapes, nicolae_spider_entry_tight_spaces, basic_altar,
          gammafunk_ghost_wrathful_warriors, grunt_forest_small_clearings,
          grunt_megastairs_4
Lair:3:   beast_lair_carwin_large_2, layout_loops_ring,
          alex1729_swamp_entry_worm_eleionoma, roderic_carrion_pond,
          lemuel_fruit_tree
Lair:4:   layout_small_grid, slime_entry_1, serial_bayou_shore_b,
          serial_bayou_shore_b, grunt_megastairs_5, infiniplex_staircase_pool,
          uniq_urug
Lair:5:   hangedman_lair_tendril_chambers, layout_big_grid,
          guppyfry_lair_end_dragon, uniq_rupert
Swamp:1:  layout_basic_swamp, evilmike_swamp_ruin_house_2,
          nicolae_swamp_trees_clearing
Swamp:2:  layout_basic_swamp, nicolae_swamp_stair_fork, uniq_nikola
Swamp:3:  layout_basic_swamp, nicolae_swamp_treefoil, st_swamp_ruins_2,
          uniq_louise, uniq_jorgrun
Swamp:4:  swamp_old_school, layout_basic_swamp,
          portal_ice_cave_entry_ugly_swarm, swamp_pool2
Spider:1: layout_cave_pods, drop_trap, hangedman_spider_mandibles,
          nicolae_spider_not_touching_you, uniq_frances
Spider:2: layout_cave_pods, nicolae_spider_some_kinda_spiderbox
Spider:3: layout_spider_delve, uniq_agnes
Spider:4: spider_rune_water, gammafunk_ghost_cemetery,
          nicolae_spider_nooks_and_crannies
Orc:1:    layout_caves
Orc:2:    st_orc_ogre_mass, layout_diamond_mine, dreamdust_deal_with_the_devil
Elf:1:    minmay_elf_arrival_circle, layout_loops_corners, enter_trove_3,
          basic_altar, mu_enter_wizlab_3, minmay_elf_demonology, uniq_roxanne
Elf:2:    elven_hall_of_blades_hangedman_original [mumra_blade_entry_dagger],
          layout_loops_cross, corexii_checkpoint_b, grunt_ministairs_3,
          palyth_stone_intersect, moated_statue
Elf:3:    nooodl_elf_gasket, layout_loops_corners, minivault_4, pf_eden,
          uniq_asterion
Vaults:1: nicolae_vaults_more_shelving_1, nicolae_vaults_ellipses_ellipsis,
          nicolae_vaults_back_hallway, grunt_vaults_focal,
          hangedman_vaults_corner, nicolae_vaults_trapezoid_3,
          nicolae_vaults_diagonal_hallway_9, nicolae_vaults_apartment_1,
          v_rooms_2, nicolae_vaults_little_squares_3, vaults_mumra_hexcomb,
          nicolae_vaults_big_angled_halls, nicolae_vaults_door_testing_chamber,
          v_misc_17, special_room_vaults [special_room_orc], layout_vaults_maze,
          serial_shops, nicolae_shop_behind_doors, shop, uniq_saint_roka
Vaults:2: nicolae_vaults_sesquioval_fish, nicolae_vaults_rhombus_7,
          vaults_room_pool, nicolae_vaults_weapon_check,
          dpeg_vaults_monster_row, special_room_vaults [special_room_orc],
          ontoclasm_vaults_loading_screen, hangedman_vaults_river_flow,
          nicolae_vaults_angled_halls, nicolae_vaults_three_branches,
          hangedman_vaults_stitches, vaults_room_hallway,
          nicolae_vaults_little_squares_6, layout_vaults_omnicross,
          serial_shops, nicolae_diamond_shop, uniq_donald
Vaults:3: hangedman_vaults_cutoff, nicolae_vaults_diamond_1,
          nicolae_vaults_quartermaster, vaults_room_grunt_arrival_ludios,
          grunt_vaults_diagonal, minmay_crypt_entry_simple_corners,
          nicolae_vaults_closet_pinwheel_2, nicolae_vaults_apartment_1,
          nicolae_vaults_bisected_slash, layout_vaults_chaotic_city
Vaults:4: gammafunk_ghost_crypt, v_pattern_1, v_misc_29,
          nicolae_vaults_sightless_eye, nicolae_vaults_diamond_1,
          nicolae_vaults_turnstiles, grunt_vaults_funnel,
          ontoclasm_vaults_pinch, nicolae_vaults_mitosis, v_misc_19,
          nicolae_vaults_shelves_hall, nicolae_vaults_surprise_closet_hard,
          ontoclasm_vaults_ligature, layout_vaults_ring, uniq_margery,
          uniq_norris
Vaults:5: serial_shops
Depths:1: layout_basic, ziggurat_fallback, rand_demon_pan_entry_1,
          fedhas_altar_4, hell_entry, nicolae_abyss_entry_one_way_or_another,
          serial_shops, shop, nicolae_shop_tiny_real_fake_doors,
          nicolae_shop_bloodbath_and_beyond, nicolae_shop_peninsula,
          eat_drink_and_be_merry_uskayaw, grunt_megastairs_3
Depths:2: minmay_tearing_corner, layout_cave_pools, grunt_pan_entry_sceptre,
          hell_entry, dk_noncrumbling_4, door_vault,
          infiniplex_staircase_spiral_double, serial_bayou_shore_b
Depths:3: grunt_arcs, layout_honeycomb, hell_entry,
          minmay_staircase_windowed_small, abyss_entry, serial_bayou_shore_b
Depths:4: grunt_zot_entry_pinwheel, layout_cave_pools, serial_shops, shop, shop,
          hell_entry, serial_bayou_shore_b, uniq_enchantress
Zot:1:    layout_gridlike, basic_altar, hangedman_player_shredder
Zot:2:    layout_misc_corridors, uniq_grunn
Zot:3:    hangedman_snap_crack_crunch, layout_onion_interference
Zot:4:    kennysheep_spiral_hall, layout_cellular_growth, grunt_ministairs_12,
          hangedman_swamp_dais
Zot:5:    layout_basic

Skill      XL: |  1  2  3  4  5  6  7  8  9 10 11 12 13 14 15 16 17 18 19 20 21 22 23 24 25 26 27 |
---------------+----------------------------------------------------------------------------------+-----
Long Blades    | 1 3 4 5 7 9 12 14 15 16 18 19 21 | 21.9
Throwing       | 3 4 |  4.0
Dodging        | 4 6 9 10 12 13 15 16 18 19 20 21 | 21.0
Invocations    | 3 5 7 8 10 11 12 14 15 16 18 19 20 | 20.2
Fighting       | 4 6 7 9 10 11 13 14 15 16 17 18 19 20 21 | 21.0
Shapeshifting  | 4 7 9 11 12 14 17 20 23 | 23.0
Armour         | 3 4 6 8 9 |  9.0
Shields        | 5 8 11 13 15 | 15.0
Evocations     | 7 11 12 | 12.0
Spellcasting   | 5 9 12 | 12.0
Translocations | 7 10 | 10.9
Short Blades   | |  2.4
Stealth        | |  4.3

Action                     |  1- 3 |  4- 6 |  7- 9 | 10-12 | 13-15 | 16-18 | 19-21 | 22-24 | 25-27 || total
---------------------------+-------+-------+-------+-------+-------+-------+-------+-------+-------++-------
  Melee: Dagger            |    70 |       |       |       |       |       |       |       |       ||    70
         Short sword       |    38 |   192 |   115 |       |       |       |       |       |       ||   345
         Punch             |     1 |       |     1 |       |       |       |       |       |       ||     2
         Tailslap          |       |     1 |     8 |     4 |     1 |     6 |       |       |     1 ||    21
         Great sword       |       |       |    67 |       |       |       |       |       |       ||    67
         Triple sword      |       |       |    19 |   341 |   578 |   512 |       |       |       ||  1450
         Demon blade       |       |       |       |       |       |   179 |  1263 |  1109 |  1264 ||  3815
         Headbutt          |       |       |       |       |       |       |       |   196 |   500 ||   696
  Throw: Dart              |     7 |     6 |    16 |     1 |     1 |       |       |       |       ||    31
         Boomerang         |       |       |    12 |    19 |     3 |    15 |       |       |       ||    49
 Invoke: Recall Undead Har |     1 |     3 |     1 |     3 |     4 |     5 |     8 |     5 |     3 ||    33
         Dark Bargain      |       |       |       |     7 |     6 |     2 |    18 |     1 |     1 ||    35
         Bind Soul         |       |       |       |       |     4 |     4 |     5 |     2 |     6 ||    21
         Drain Life        |       |       |       |       |     1 |     6 |     4 |       |       ||    11
Ability: Begin Untransform |       |       |       |       |       |       |       |     1 |     1 ||     2
         Siphon Essence    |       |       |       |       |       |       |       |     1 |     3 ||     4
  Evoke: Wand              |       |     1 |       |     1 |    20 |     2 |     1 |       |    13 ||    38
         Phial of floods   |       |       |       |     1 |     2 |     1 |     1 |       |       ||     5
         Phantom mirror    |       |       |       |       |     3 |     1 |     1 |       |     1 ||     6
         Condenser vane    |       |       |       |       |       |     1 |     1 |     1 |     1 ||     4
    Use: Scroll            |     3 |       |    16 |    13 |     9 |     6 |     2 |     5 |    29 ||    83
         Potion            |       |     4 |     2 |       |     5 |     6 |     3 |     2 |     8 ||    30
   Stab: Sleeping          |     5 |    15 |     6 |    14 |     7 |    11 |    19 |     3 |     7 ||    87
         Distracted        |     1 |     2 |     3 |     6 |    17 |    20 |    27 |    25 |    29 ||   130
         Paralysed         |       |       |       |       |     3 |       |       |       |       ||     3
         Confused          |       |       |       |       |     1 |     2 |     1 |     4 |       ||     8
         Invisible         |       |       |       |       |       |     5 |       |       |     3 ||     8
         Fleeing           |       |       |       |       |       |       |     1 |       |       ||     1
 Armour: Leather armour    |    19 |    52 |    39 |    58 |   130 |    98 |       |       |       ||   396
         Steam dragon scal |       |       |       |       |       |    70 |   183 |       |       ||   253
         Skin              |       |       |       |       |       |       |    84 |   219 |       ||   303
         Ring mail         |       |       |       |       |       |       |       |   102 |   268 ||   370
  Dodge: Dodged            |    47 |   109 |    80 |   283 |   621 |   723 |  1094 |   907 |   707 ||  4571
  Block: Other             |       |       |    17 |    44 |       |       |       |       |       ||    61
         Reflection        |       |       |     1 |       |       |       |    35 |    29 |    18 ||    83
         Kite shield       |       |       |       |       |       |    92 |   615 |   850 |   719 ||  2276
         Buckler           |       |       |       |       |       |       |   148 |       |       ||   148
   Form: Statue            |       |       |       |       |       |       |     1 |     1 |       ||     2
         Death             |       |       |       |       |       |       |       |     2 |     1 ||     3

Table legend: (Time is in decaauts)
 A = Elapsed time spent in this place.
 B = Non-inter-level travel time spent in this place.
 C = Inter-level travel time spent in this place.
 D = Time resting spent in this place.
 E = Time spent auto-exploring this place.
 F = Levels seen in this place.
 G = Mean time per level.
                   A        B        C        D        E       F      G
               +--------+--------+--------+--------+--------+-----+--------+
         Total |  61450 |  56292 |   5158 |  10690 |  27067 |  54 | 1138.0 |
       Dungeon |  21798 |  18957 |   2841 |   4784 |   8743 |  15 | 1453.2 |
          Lair |   5438 |   5216 |    222 |   1195 |   2156 |   5 | 1087.6 |
         Swamp |   3235 |   3094 |    141 |    925 |   1226 |   4 |  808.8 |
   Spider Nest |   4142 |   3925 |    217 |    573 |   2223 |   4 | 1035.5 |
  Orcish Mines |   2333 |   1947 |    386 |    491 |    881 |   2 | 1166.5 |
   Elven Halls |   4947 |   4647 |    300 |    555 |   2564 |   3 | 1649.0 |
        Vaults |   7875 |   7259 |    616 |    875 |   3890 |   5 | 1575.0 |
        Depths |   5372 |   5111 |    261 |    768 |   2829 |   4 | 1343.0 |
           Zot |   4372 |   4203 |    169 |    295 |   2269 |   5 |  874.4 |
         Abyss |    283 |    283 |      0 |      0 |      0 |   1 |  283.0 |
         Trove |     83 |     83 |      0 |      0 |      0 |   1 |   83.0 |
         Sewer |    297 |    297 |      0 |      0 |    159 |   1 |  297.0 |
        Bailey |    589 |    589 |      0 |    204 |      0 |   1 |  589.0 |
      Ice Cave |      2 |      2 |      0 |      0 |      0 |   1 |    2.0 |
        Wizlab |    415 |    415 |      0 |      7 |      0 |   1 |  415.0 |
      Gauntlet |    262 |    262 |      0 |     14 |    125 |   1 |  262.0 |
               +--------+--------+--------+--------+--------+-----+--------+

Top non-repeatable levels by time:
    D:15: 2750 daAuts
   Elf:3: 2416 daAuts
Depths:2: 1846 daAuts
Vaults:1: 1822 daAuts
    D:14: 1788 daAuts
Depths:1: 1744 daAuts
Vaults:4: 1678 daAuts
   Elf:1: 1666 daAuts
    D:13: 1580 daAuts
     D:8: 1569 daAuts
     D:6: 1545 daAuts
   Orc:2: 1538 daAuts
Vaults:2: 1526 daAuts
Vaults:5: 1519 daAuts
    D:10: 1496 daAuts
